 Dungeon Crawl Stone Soup version 0.17-a0-2127-g1cb09f6 (webtiles) character file.

212 radek the Conjurer (level 5, 0/28 HPs)
             Began as a Deep Elf Conjurer on Oct 23, 2015.
             Slain by a water moccasin zombie (4 damage)
             ... in an ossuary.
             The game lasted 00:20:03 (3639 turns).

radek the Conjurer (Deep Elf Conjurer)              Turns: 3639, Time: 00:20:03

Health: 0/28       AC:  7    Str:  6    XL:     5   Next: 58%
Magic:  1/11       EV: 13    Int: 20    God:
Gold:   161        SH:  0    Dex: 15    Spells: 2 memorised, 4 levels left

rFire  . . .     SeeInvis .     x - +0 hand axe (flame)
rCold  . . .     Clarity  .     a - +0 robe
rNeg   . . .     SustAt   .     (no shield)
rPois  .         Gourm    .     e - +2 helmet
rElec  .         Spirit   .     m - +0 cloak
rCorr  .         Warding  .     (no gloves)
rMut   .         Stasis   .     o - +0 pair of boots
MR     .....                    (no amulet)
Stlth  ++........               (no ring)
                                (no ring)

@: not resistant to hostile enchantments, unstealthy
A: no striking features
a: no special abilities


You were in an ossuary.
You were not hungry.

You visited 1 branch of the dungeon, and saw 4 of its levels.
You also visited: Ossuary.

You collected 161 gold pieces.

Inventory:

Hand Weapons
 k - a +0 dagger
 l - a +0 long sword
 x - a +0 hand axe of flaming (weapon)
Armour
 a - a +0 robe (worn)
 e - a +2 helmet (worn)
 m - a +0 cloak (worn)
 o - a +0 pair of boots (worn)
Scrolls
 g - 2 scrolls of fog {unknown}
 i - 5 scrolls of teleportation {unknown}
 r - a scroll of enchant armour {unknown}
 s - 2 scrolls of enchant weapon {unknown}
 t - 4 scrolls of identify {unknown}
 y - a scroll of amnesia {unknown}
Potions
 d - a potion of brilliance {unknown}
 h - 2 potions of magic {unknown}
 j - a potion of ambrosia {unknown}
 n - a potion of mutation {unknown}
 p - 2 potions of curing {unknown}
 q - a potion of flight {unknown}
 u - a potion of haste {unknown}
 w - a potion of agility {unknown}
 A - a potion of heal wounds {unknown}
Books
 b - a book of Conjurations

   Spells                             Type                      Level
   a - Magic Dart                     Conjuration                  1
   b - Searing Ray                    Conjuration                  2
   c - Dazzling Spray                 Conjuration/Hexes            3
   d - Fulminant Prism                Conjuration/Hexes            4
   e - Iskenderun's Mystic Blast      Conjuration                  4
   f - Iskenderun's Battlesphere      Conjuration/Charms           5
Comestibles
 c - 3 bread rations
 f - 2 slices of pizza
 z - 2 beef jerkies
 B - a meat ration


   Skills:
 - Level 2.4 Dodging
 - Level 2.4 Stealth
 - Level 3.0 Spellcasting
 - Level 7.1 Conjurations
 * Level 3.1 Charms


You had 4 spell levels left.
You knew the following spells:

 Your Spells              Type           Power        Failure   Level  Hunger
a - Magic Dart            Conj           ####         1%          1    None
b - Iskenderun's Battles  Conj/Chrm      ###.....     58%         5    ######.


Dungeon Overview and Level Annotations

Branches:
Dungeon (4/15)
 Temple: D:4-7

Altars:


Message History

Casting: Magic Dart
Confirm with . or Enter, or press ? or * to list all spells.
Aiming: Magic Dart
Press: ? - help, Shift-Dir - straight line, f - water moccasin zombie
Aim: a water moccasin zombie The magic dart hits the water moccasin zombie.
The water moccasin zombie bites you.
* * * LOW HITPOINT WARNING * * *
The water moccasin zombie misses you.
There is an open door here.
Really walk into that arrow trap?
You avoid triggering an arrow trap.
There is an arrow trap here.
Really walk into that arrow trap?
You avoid triggering an arrow trap.
The water moccasin zombie bites you but does no damage.
There is an arrow trap here.
There is an open door here.
The water moccasin zombie bites you.
You die...

#Z..# #...#
#...# #Z###
#^^^#
#^^^##########
#^..#...#??!?#
#.^.'.Z.#?([!+
#∩..#..@#?!!!#
######### ####


You could see a water moccasin zombie.

Vanquished Creatures
  A water moccasin zombie (Ossuary)
  A hound (D:4)
  Jessica (D:3)
  2 adders
  An ooze (D:2)
  An adder zombie (Ossuary)
  3 worms
  An orc (D:3)
  4 giant cockroaches
  6 hobgoblins (D:1)
  6 jackals
  3 quokkas
  8 bats
  A giant gecko (D:2)
  6 giant newts
  A gnoll zombie (Ossuary)
  8 goblins
  A hobgoblin zombie (Ossuary)
  A jackal skeleton (D:4)
  10 kobolds
  An orc zombie (Ossuary)
  2 rats
69 creatures vanquished.

Vanquished Creatures (others)
  An adder zombie (Ossuary)
  A kobold zombie (Ossuary)
2 creatures vanquished.

Grand Total: 71 creatures vanquished

Notes
Turn   | Place    | Note
--------------------------------------------------------------
     0 | D:1      | radek the Deep Elf Conjurer began the quest for the Orb.
     0 | D:1      | Reached XP level 1. HP: 10/10 MP: 6/6
   513 | D:2      | Reached skill level 5 in Conjurations
   513 | D:2      | Reached XP level 2. HP: 15/15 MP: 1/8
   815 | D:3      | Reached XP level 3. HP: 19/19 MP: 3/9
  1900 | D:1      | Reached skill level 6 in Conjurations
  2144 | D:1      | Reached XP level 4. HP: 24/24 MP: 8/10
  2708 | D:3      | Noticed Jessica
  2710 | D:3      | Killed Jessica
  3078 | D:4      | Noticed an ice beast
  3107 | D:4      | Reached skill level 7 in Conjurations
  3107 | D:4      | Reached XP level 5. HP: 23/28 MP: 2/11
  3181 | D:4      | Learned a level 5 spell: Iskenderun's Battlesphere
  3310 | D:4      | Found a sand-covered staircase.
  3314 | Ossuary  | Entered an ossuary
  3639 | Ossuary  | Slain by a water moccasin zombie

Vault maps used:
D:1:      dpeg_arrival_refuge
D:3:      uniq_jessica
D:4:      kennysheep_mini_moat, enter_ossuary_5, uniq_grinder
Ossuary:  ossuary_tomb_2

Action                   |  1- 3 |  4- 6 || total
-------------------------+-------+-------++-------
Melee: Hand axe          |       |     3 ||     3
 Cast: Magic Dart        |   104 |    67 ||   171
  Eat: Chunk             |     3 |     1 ||     4
       Meat ration       |       |     1 ||     1
